 Dungeon Crawl Stone Soup version 0.27.1-33-g824d729ab1 (webtiles) character file.

Game seed: 11889018876982057045

28 coolio the Skirmisher (level 2, 0/24 HPs)
             Began as a Demonspawn Fighter on Nov 30, 2021.
             Frozen to death by an endoplasm (5 damage)
             ... on level 2 of the Dungeon.
             The game lasted 00:01:14 (1222 turns).

coolio the Skirmisher (Demonspawn Fighter)          Turns: 1222, Time: 00:01:15

Health: 0/24       AC:  6    Str: 16    XL:     2   Next: 96%
Magic:  2/2        EV:  9    Int:  9    God:
Gold:   75         SH:  0    Dex: 12    Spells: 1/1 levels left

rFire    . . .     SeeInvis .   (no weapon)
rCold    . . .     Faith    .   (no shield)
rNeg     . . .     Spirit   .   b - +0 scale mail
rPois    .         Reflect  .   (no helmet)
rElec    .         Harm     .   (no cloak)
rCorr    .         Rampage  .   (no gloves)
Will     .....                  (no boots)
Stlth    ..........             (no amulet)
HPRegen  0.08/turn              (no ring)
MPRegen  0.08/turn              (no ring)

@: mighty
A: claws 1
a: no special abilities


You were on level 2 of the Dungeon.
You visited 1 branch of the dungeon, and saw 2 of its levels.

You collected 75 gold pieces.

Inventory:

Armour
 b - a +0 scale mail (worn)
Jewellery
 j - a +6 ring of intelligence
Scrolls
 a - a scroll of summoning {unknown}
 g - a scroll of identify {unknown}
 h - a scroll of enchant weapon {unknown}
Potions
 c - a potion of curing {unknown}
 e - a potion of brilliance {unknown}
 f - 2 potions of degeneration {unknown}
 i - a potion of heal wounds {unknown}


   Skills:
 + Level 3.2 Fighting
 - Level 2.1 Axes
 + Level 3.1 Armour
 - Level 2.6 Shields
 * Level 0.8 Unarmed Combat


You had one spell level left.
You didn't know any spells.
Your spell library was empty.

Dungeon Overview and Level Annotations

Branches:
Dungeon (2/15)

Altars:
Elyvilon


Innate Abilities, Weirdness & Mutations

You have sharp fingernails.


Message History

An orc comes into view. It is wielding a +0 hand axe.
A goblin comes into view. It is wielding a +0 dagger.
A bat comes into view.
Found a stone staircase leading down.
The bat hits you but does no damage.
The orc priest hits you with a +2 vorpal falchion.
You are too injured to fight recklessly!
You are too injured to fight recklessly!
You are too injured to fight recklessly!
You are too injured to fight recklessly!
You are too injured to fight recklessly!
You are too injured to fight recklessly!
You are too injured to fight recklessly!
You are too injured to fight recklessly!
You are too injured to fight recklessly!
You are too injured to fight recklessly!
You are too injured to fight recklessly!
You are too injured to fight recklessly!
You are too injured to fight recklessly!
You are too injured to fight recklessly!
You are too injured to fight recklessly!
You are too injured to fight recklessly!
You are too injured to fight recklessly!
You are too injured to fight recklessly!
You are too injured to fight recklessly!
You are too injured to fight recklessly!
You are too injured to fight recklessly!
You are too injured to fight recklessly!
You are too injured to fight recklessly!
You are too injured to fight recklessly!
You are too injured to fight recklessly!
You scratch the orc priest.
The orc priest is heavily wounded.
The endoplasm completely misses you.
The orc priest hits you with a +2 vorpal falchion.
* * * LOW HITPOINT WARNING * * *
x2 You closely miss the orc priest.
The orc priest is heavily wounded.
The endoplasm freezes you.
You are frozen.
You die...

#. #. ######. .......
....8.. .......
......J#########
...g.bo@.......######
>....oo#######......#
....... ######.#
....8.. #.# .......
#.# ###.#..
#####.#### #....
#........# # ##.
#.###.##.# #.# #.##.#


You could see an orc priest, 2 orcs, an endoplasm, a goblin and a bat.

Vanquished Creatures
  3 dart slugs (D:1)
  2 ball pythons
  4 bats
  An endoplasm (D:1)
  A goblin (D:1)
  3 hobgoblins
  3 kobolds (D:1)
  3 rats
20 creatures vanquished.

Notes
Turn   | Place    | Note
-------+----------+-------------------------------------------
     0 | D:1      | coolio the Demonspawn Fighter began the quest for the Orb.
     0 | D:1      | Reached XP level 1. HP: 18/18 MP: 1/1
    52 | D:1      | Found a faded altar of an unknown god.
   491 | D:1      | Gained mutation: You have sharp fingernails. [demonic
                  | ancestry]
   491 | D:1      | Reached XP level 2. HP: 14/24 MP: 2/2
  1222 | D:2      | Frozen to death by an endoplasm

Illustrated notes

Levels and vault maps discovered:
D:1:      ebering_trefoil_twist, layout_rooms,
          ebering_ecumenical_altar_abandoned
D:2:      layout_loops_corners, basic_altar, st_stairs_1

Skill      XL: |  1  2 |
---------------+-------+-----
Axes           | 2 |  2.1
Armour         | 3 |  3.1
Fighting       | |  3.2
Shields        | |  2.6
Unarmed Combat | |  0.8

Action                   || total
-------------------------++-------
Melee: War axe           ||    24
       Unarmed           ||    58
  Use: Potion            ||     1
Armor: Scale mail        ||    52
Dodge: Dodged            ||    49
